[Event "30th Cracovia Festival-A 2019"]
[Site "Krakow"]
[Date "2020.01.03"]
[Round "8.8"]
[White "Brodowski, Piotr"]
[Black "Kruglyakov, Pavlo"]
[Result "1/2-1/2"]
[ECO "A37"]
[WhiteElo "2445"]
[BlackElo "2357"]
[Annotator "ChessBase"]
[PlyCount "133"]
[EventDate "2019.12.27"]
[EventCountry "POL"]
[SourceTitle "playchess.com"]
[Source "ChessBase"]
[SourceQuality "1"]
[TimeControl "40/5400+30:1800+30"]

1. c4 c5 2. Nc3 Nc6 3. g3 g6 4. Bg2 Bg7 5. Nf3 e5 6. O-O Nge7 7. d3 d6 8. Bg5 h6 9. Bxe7 Nxe7 10. Ne1 a6 11. Nc2 Rb8 12. a4 O-O 13. Ne3 f5 14. Ned5 Nc6 15. e3 Kh7 16. Qd2 Be6 17. Rab1 a5 18. f4 exf4 19. Nxf4 Bf7 20. Bd5 Qd7 21. Bxf7 Rxf7 22. Ncd5 Re8 23. Rf2 Qd8 24. Rbf1 Ne5 25. h3 h5 26. Ng2 Bh6 27. Qd1 Ref8 28. b3 Qd7 29. d4 cxd4 30. exd4 Nc6 31. Ndf4 d5 32. Nxd5 Bg7 33. Kh1 Qd6 34. Rf4 Bh6 35. R4f3 Bg7 36. Rd3 Re8 37. g4 hxg4 38. hxg4 Re4 39. gxf5 Bxd4 40. f6 Kg8 41. Rh3 Qd7 42. Ngf4 Rh7 43. Qf3 Rxh3+ 44. Nxh3 Rh4 45. f7+ Kf8 46. Ndf4 Ne5 47. Qg3 Rg4 48. Ng5 Qc6+ 49. Kh2 Rxg5 50. Qxg5 Nf3+ 51. Rxf3 Qxf3 52. Qd8+ Kxf7 53. Qxd4 Qxb3 54. Nd5 Qf3 55. Qf4+ Qxf4+ 56. Nxf4 Kf6 57. Nd3 Kf5 58. Nc5 b6 59. Nb3 Ke4 60. Kg3 Kd3 61. Nxa5 Kd4 62. Nc6+ Kxc4 63. Kf4 Kb3 64. a5 bxa5 65. Nxa5+ Ka4 66. Kg5 Kxa5 67. Kxg6 1/2-1/2

[Event "30th Cracovia Festival-A 2019"]
[Site "Krakow"]
[Date "2020.01.03"]
[Round "8.9"]
[White "Kopylov, Daniel"]
[Black "Grinev, Valeriy"]
[Result "1/2-1/2"]
[ECO "B48"]
[WhiteElo "2294"]
[BlackElo "2441"]
[Annotator "ChessBase"]
[PlyCount "164"]
[EventDate "2019.12.27"]
[EventCountry "POL"]
[SourceTitle "playchess.com"]
[Source "ChessBase"]
[SourceQuality "1"]
[TimeControl "40/5400+30:1800+30"]

1. e4 c5 2. Nf3 Nc6 3. d4 cxd4 4. Nxd4 e6 5. Nc3 Qc7 6. Be3 a6 7. Qf3 Nf6 8. O-O-O Ne5 9. Qg3 b5 10. f4 Neg4 11. Bg1 h5 12. e5 b4 13. Na4 Nd5 14. h3 Nh6 15. f5 Bb7 16. Bd3 Be7 17. Nb3 h4 18. Qe1 Nxf5 19. Bxf5 exf5 20. Bc5 Rc8 21. Qf2 Qc6 22. Bxe7 Nxe7 23. Nac5 Qxg2 24. Qd4 Qc6 25. Rhg1 Qh6+ 26. Kb1 Bd5 27. Qxb4 Qc6 28. c4 Be6 29. Rxg7 a5 30. Qxa5 Bxc4 31. Rxd7 Bxb3 32. axb3 Qh1+ 33. Ka2 Qa8 34. Ra7 Qd5 35. Nb7 Kf8 36. Qxd5 Nxd5 37. Rg5 Nb4+ 38. Ka3 Nc6 39. Ra6 Nd4 40. Nd6 Rb8 41. Ra4 Rxb3+ 42. Ka2 Rg3 43. Rxf5 Nxf5 44. Nxf5 Kg8 45. Nxg3 hxg3 46. Rg4+ Kf8 47. Rxg3 Ke7 48. Kb3 Ke6 49. Re3 Rc8 50. Kb4 Kd5 51. Rf3 Rc7 52. Rf5 Rb7+ 53. Kc3 Rc7+ 54. Kd3 Rb7 55. Kc2 Rc7+ 56. Kb1 Rb7 57. h4 Ke4 58. Rg5 Kf4 59. Kc2 Rc7+ 60. Kd3 Rb7 61. Kc3 Rc7+ 62. Kd4 Rb7 63. Rg2 Rd7+ 64. Kc5 Kxe5 65. Re2+ Kf4 66. b4 f5 67. Kc6 Rh7 68. Rf2+ Kg4 69. Rg2+ Kf3 70. Rg5 f4 71. b5 Rxh4 72. b6 Rh6+ 73. Kc7 Rh7+ 74. Kc8 Rh8+ 75. Kc7 Ke4 76. Rg7 f3 77. Re7+ Kd3 78. Rf7 Ke2 79. b7 f2 80. b8=Q Rxb8 81. Kxb8 f1=Q 82. Rxf1 Kxf1 1/2-1/2

[Event "30th Cracovia Festival-A 2019"]
[Site "Krakow"]
[Date "2020.01.03"]
[Round "8.11"]
[White "Kozak, Antoni"]
[Black "Belous, Mikhail"]
[Result "1/2-1/2"]
[ECO "E15"]
[WhiteElo "2372"]
[BlackElo "2349"]
[Annotator "NA"]
[PlyCount "63"]
[EventDate "2019.12.27"]
[EventCountry "POL"]
[SourceTitle "playchess.com"]
[Source "ChessBase"]
[SourceQuality "1"]
[TimeControl "40/5400+30:1800+30"]

1. d4 Nf6 2. c4 e6 3. Nf3 b6 4. g3 Bb7 5. Bg2 c5 6. d5 exd5 7. cxd5 Bxd5 8. O-O Be7 9. Nc3 Bc6 10. Nh4 Bxg2 11. Kxg2 d5 12. Nf5 O-O 13. e4 dxe4 14. Nd5 Nxd5 15. Qxd5 Nd7 16. Qxe4 Bf6 17. Rd1 Qc8 18. Bf4 c4 19. Nd6 Nc5 20. Qd5 Qe6 21. Nxc4 Rfd8 22. Qxe6 Nxe6 23. Be5 Bxe5 24. Nxe5 Rxd1 25. Rxd1 Rd8 26. Rxd8+ Nxd8 27. Kf3 f6 28. Nd3 Kf7 29. Ke4 Ke6 30. b4 a6 31. a4 Nc6 32. g4 {[%emt 0:00:07] Ke5+} 1/2-1/2

[Event "30th Cracovia Festival-A 2019"]
[Site "Krakow"]
[Date "2020.01.03"]
[Round "8.12"]
[White "Milikow, Yoav"]
[Black "Goluch, Piotr"]
[Result "1-0"]
[ECO "E73"]
[WhiteElo "2236"]
[BlackElo "2415"]
[Annotator "NA RC"]
[PlyCount "42"]
[EventDate "2019.12.27"]
[EventCountry "POL"]
[SourceTitle "playchess.com"]
[Source "ChessBase"]
[SourceQuality "1"]
[TimeControl "40/5400+30:1800+30"]

1. d4 Nf6 2. c4 g6 3. Nc3 Bg7 4. e4 d6 5. Be2 O-O 6. Be3 e5 7. d5 a5 8. h4 Na6 9. h5 Nc5 10. Qc2 c6 11. h6 Bh8 12. Rd1 cxd5 13. Bxc5 dxc5 14. cxd5 a4 15. Nf3 a3 16. b3 Qa5 17. O-O Bg4 18. Nxe5 Bxe2 19. Nxe2 Rfe8 20. f4 Qb4 21. Ng3 Ra6 1-0

[Event "30th Cracovia Festival-A 2019"]
[Site "Krakow"]
[Date "2020.01.03"]
[Round "8.14"]
[White "Webersberger, Johann"]
[Black "Sanz Wawer, Daniel"]
[Result "1/2-1/2"]
[ECO "E11"]
[WhiteElo "2358"]
[BlackElo "2212"]
[Annotator "NA"]
[PlyCount "46"]
[EventDate "2019.12.27"]
[EventCountry "POL"]
[SourceTitle "playchess.com"]
[Source "ChessBase"]
[SourceQuality "1"]
[TimeControl "40/5400+30:1800+30"]

1. d4 Nf6 2. Nf3 e6 3. c4 Bb4+ 4. Nbd2 O-O 5. a3 Bxd2+ 6. Bxd2 b6 7. Bg5 Bb7 8. e3 d6 9. Be2 Nbd7 10. O-O h6 11. Bh4 g5 12. Bg3 Ne4 13. Nd2 Ndf6 14. Rc1 Nxd2 15. Qxd2 Ne4 16. Qc2 Nxg3 17. fxg3 Qe7 18. g4 f5 19. Rf2 Kg7 20. Rcf1 Be4 21. Qd2 Rf6 22. h3 Raf8 23. b4 fxg4 1/2-1/2

[Event "30th Cracovia Festival-A 2019"]
[Site "Krakow"]
[Date "2020.01.03"]
[Round "8.16"]
[White "Bus, Konrad"]
[Black "Evchin, Maxim"]
[Result "1/2-1/2"]
[ECO "A46"]
[WhiteElo "2214"]
[BlackElo "2315"]
[Annotator "NA RC"]
[PlyCount "112"]
[EventDate "2019.12.27"]
[EventCountry "POL"]
[SourceTitle "playchess.com"]
[Source "ChessBase"]
[SourceQuality "1"]
[TimeControl "40/5400+30:1800+30"]

1. d4 Nf6 2. Nf3 d5 3. g3 Bf5 4. c4 c6 5. Nc3 e6 6. Nh4 Bg4 7. h3 Bh5 8. Qb3 Qb6 9. c5 Qc7 10. Bf4 Qc8 11. g4 Bg6 12. Bg2 Be7 13. Nxg6 hxg6 14. O-O Nbd7 15. Qc2 O-O 16. b4 Re8 17. Bg3 g5 18. Qd2 Bd8 19. Qxg5 Ne4 20. Qe3 Nxg3 21. Qxg3 e5 22. dxe5 Nxe5 23. e4 d4 24. Ne2 d3 25. Nd4 Qd7 26. Nf5 Bc7 27. f4 Ng6 28. e5 Nxe5 29. Rad1 Ng6 30. Rxd3 Qe6 31. Nd6 Bxd6 32. cxd6 Qc4 33. d7 Red8 34. a3 a5 35. bxa5 Nf8 36. Rfd1 Ne6 37. Kh2 Qxf4 38. Qxf4 Nxf4 39. Rb3 Rxa5 40. Rxb7 Rxa3 41. Rc7 Kf8 42. Re1 Ne6 43. Rc8 Ke7 44. Bxc6 g5 45. Re2 Rd3 46. Ra2 Rd6 47. Ra3 Rd2+ 48. Kg3 Rb2 49. h4 gxh4+ 50. Kxh4 Rb8 51. Rxb8 Rxb8 52. Ra7 Rh8+ 53. Kg3 Rd8 54. Ra5 Kd6 55. Ba4 Nc5 56. Kf4 Nxa4 1/2-1/2

[Event "30th Cracovia Festival-A 2019"]
[Site "Krakow"]
[Date "2020.01.03"]
[Round "8.17"]
[White "Brozyna, Mateusz"]
[Black "Marszalek, Maciej"]
[Result "1-0"]
[ECO "C50"]
[WhiteElo "2188"]
[BlackElo "2314"]
[Annotator "NA RC"]
[PlyCount "83"]
[EventDate "2019.12.27"]
[EventCountry "POL"]
[SourceTitle "playchess.com"]
[Source "ChessBase"]
[SourceQuality "1"]
[TimeControl "40/5400+30:1800+30"]

1. e4 e5 2. Nf3 Nc6 3. Bc4 Bc5 4. d3 Nf6 5. Nbd2 a6 6. Bb3 d6 7. c3 O-O 8. h3 Ba7 9. Nh2 Nd7 10. Bc2 Nc5 11. b4 Ne6 12. O-O a5 13. b5 Ne7 14. Nc4 f5 15. Nf3 fxe4 16. dxe4 Bc5 17. Ng5 h6 18. Nxe6 Bxe6 19. Ne3 Kh8 20. Bb3 Bd7 21. a4 Qe8 22. Qd3 Qg6 23. Nd5 Nxd5 24. Bxd5 c6 25. bxc6 bxc6 26. Bb3 Rf6 27. Ba3 Bxa3 28. Rxa3 Raf8 29. Bd1 Rf4 30. Rb3 d5 31. Kh2 Qxe4 32. Qg3 R4f6 33. f3 Qf5 34. Re1 Re8 35. Rb2 e4 36. fxe4 dxe4 37. Bg4 Qc5 38. Bxd7 Rd8 39. Rb8 Rxb8 40. Qxb8+ Rf8 41. Qg3 Rd8 42. Be6 1-0

[Event "30th Cracovia Festival-A 2019"]
[Site "Krakow"]
[Date "2020.01.03"]
[Round "8.18"]
[White "Plichta, Kamil"]
[Black "Vojtek, Vladimir"]
[Result "1-0"]
[ECO "A08"]
[WhiteElo "2353"]
[BlackElo "2263"]
[Annotator "NA"]
[PlyCount "73"]
[EventDate "2019.12.27"]
[EventCountry "POL"]
[SourceTitle "playchess.com"]
[Source "ChessBase"]
[SourceQuality "1"]
[TimeControl "40/5400+30:1800+30"]

1. Nf3 d5 2. g3 Nf6 3. Bg2 e6 4. O-O Be7 5. d3 c5 6. Nbd2 O-O 7. e4 Nc6 8. Re1 Qc7 9. e5 Nd7 10. Qe2 b5 11. Nf1 a5 12. Bf4 Ba6 13. h4 b4 14. Ne3 Nb6 15. h5 h6 16. Ng4 Rfc8 17. Qd2 Qd8 18. Bh3 Nd4 19. Nxd4 cxd4 20. Bxh6 gxh6 21. Nxh6+ Kg7 22. Nxf7 Kxf7 23. Qh6 Bg5 24. Qh7+ Ke8 25. Bxe6 Qe7 26. Qg8+ Qf8 27. Qg6+ Ke7 28. Bxc8 Rxc8 29. Qxg5+ Kd7 30. e6+ Kc6 31. e7 Qf7 32. Qg6+ Qxg6 33. hxg6 Kd7 34. e8=Q+ Rxe8 35. Rxe8 Kxe8 36. Re1+ Kf8 37. Re6 1-0

[Event "30th Cracovia Festival-A 2019"]
[Site "Krakow"]
[Date "2020.01.03"]
[Round "8.19"]
[White "Antolak, Julia"]
[Black "Nurkiewicz, Maciej"]
[Result "1-0"]
[ECO "B96"]
[WhiteElo "2249"]
[BlackElo "2340"]
[Annotator "NA"]
[PlyCount "49"]
[EventDate "2019.12.27"]
[EventCountry "POL"]
[SourceTitle "playchess.com"]
[Source "ChessBase"]
[SourceQuality "1"]
[TimeControl "40/5400+30:1800+30"]

1. e4 c5 2. Nf3 d6 3. d4 cxd4 4. Nxd4 Nf6 5. Nc3 a6 6. Bg5 e6 7. f4 h6 8. Bh4 Qb6 9. a3 Nc6 10. Bf2 Qc7 11. Qf3 Be7 12. O-O-O Nxd4 13. Bxd4 b5 14. e5 Bb7 15. Qg3 Nh5 16. Qg4 Nxf4 17. exd6 Bxd6 18. Bxb5+ Bc6 19. Bxg7 Rg8 20. Ne4 O-O-O 21. Bxc6 Qxc6 22. Nxd6+ Rxd6 23. Qxf4 Rxd1+ 24. Rxd1 Rxg7 25. Rd3 1-0

[Event "30th Cracovia Festival-A 2019"]
[Site "Krakow"]
[Date "2020.01.03"]
[Round "8.20"]
[White "Bugalski, Michal"]
[Black "Morgunov, Marc"]
[Result "0-1"]
[ECO "A03"]
[WhiteElo "2241"]
[BlackElo "2311"]
[Annotator "NA"]
[PlyCount "52"]
[EventDate "2019.12.27"]
[EventCountry "POL"]
[SourceTitle "playchess.com"]
[Source "ChessBase"]
[SourceQuality "1"]
[TimeControl "40/5400+30:1800+30"]

1. f4 d5 2. Nf3 Nf6 3. g3 g6 4. Bg2 Bg7 5. O-O O-O 6. d3 c5 7. Qe1 Nc6 8. e4 dxe4 9. dxe4 e5 10. Nc3 Nd4 11. Nxd4 exd4 12. Na4 Nd7 13. e5 Rb8 14. b4 b6 15. Rb1 c4 16. b5 Nc5 17. Qb4 d3 18. cxd3 Qd4+ 19. Kh1 Nxd3 20. Qd2 Bf5 21. Bb2 Nf2+ 22. Qxf2 Qxf2 23. Rxf2 Bxb1 24. Ba3 Rfd8 25. Bd6 Rbc8 26. Nc3 Rxd6 0-1

[Event "30th Cracovia Festival-A 2019"]
[Site "Krakow"]
[Date "2020.01.03"]
[Round "8.22"]
[White "Szustakowski, Antoni"]
[Black "Nikolaidis, Konstantinos"]
[Result "1-0"]
[ECO "A50"]
[WhiteElo "2299"]
[BlackElo "2200"]
[Annotator "NA"]
[PlyCount "53"]
[EventDate "2019.12.27"]
[EventCountry "POL"]
[SourceTitle "playchess.com"]
[Source "ChessBase"]
[SourceQuality "1"]
[TimeControl "40/5400+30:1800+30"]

1. d4 Nf6 2. c4 b6 3. Nc3 Bb7 4. Qc2 d5 5. cxd5 Nxd5 6. e4 Nxc3 7. bxc3 e5 8. Nf3 exd4 9. Bc4 Nc6 10. O-O d3 11. Bxd3 Bc5 12. e5 h6 13. e6 fxe6 14. Bg6+ Kf8 15. Be4 Rb8 16. Be3 Bd6 17. Rfe1 Qf6 18. Qa4 Na5 19. Bxb7 Rxb7 20. Bd4 Qf7 21. Re3 Rb8 22. Ne5 Bxe5 23. Bxe5 Qe8 24. Qf4+ Qf7 25. Qe4 Kg8 26. Bxg7 Rh7 27. Be5 1-0

[Event "30th Cracovia Festival-A 2019"]
[Site "Krakow"]
[Date "2020.01.03"]
[Round "8.23"]
[White "Grabowski, Pawel"]
[Black "Ramondino, Renzo"]
[Result "1-0"]
[ECO "E92"]
[WhiteElo "2281"]
[BlackElo "2186"]
[Annotator "NA"]
[PlyCount "133"]
[EventDate "2019.12.27"]
[EventCountry "POL"]
[SourceTitle "playchess.com"]
[Source "ChessBase"]
[SourceQuality "1"]
[TimeControl "40/5400+30:1800+30"]

1. d4 Nf6 2. c4 g6 3. Nc3 Bg7 4. e4 d6 5. Be2 O-O 6. Nf3 e5 7. dxe5 dxe5 8. Qxd8 Rxd8 9. Bg5 Re8 10. Nd2 c6 11. Nb3 b6 12. f3 Be6 13. O-O-O Nbd7 14. g4 Bf8 15. Be3 Rec8 16. Kb1 Rab8 17. Rd2 Bb4 18. Rc2 Rb7 19. Rd1 Kg7 20. Nc1 Bc5 21. Bg5 h5 22. h3 Rh8 23. a3 hxg4 24. hxg4 Rh3 25. Nb3 Bf8 26. Nd2 Nh7 27. Be3 Bc5 28. Bxc5 Nxc5 29. b4 Nd7 30. Rcc1 Ng5 31. Rh1 Nf6 32. Rxh3 Nxh3 33. Rh1 Nf4 34. Bf1 Rd7 35. Kc2 Ne8 36. a4 Nd6 37. Rh2 Nb7 38. Nb3 a5 39. bxa5 Nxa5 40. Nxa5 bxa5 41. Rd2 Rd4 42. Nb1 c5 43. Na3 Bd7 44. Nb5 Rxd2+ 45. Kxd2 Kf6 46. Be2 Kg5 47. Bd1 Ne6 48. Ke3 Nd4 49. Nd6 Be6 50. Nb7 Bxc4 51. Nxa5 Ba6 52. Bb3 f6 53. Bc4 Bc8 54. Nb3 Nxb3 55. Bxb3 Ba6 56. Be6 c4 57. Bd7 c3 58. Bb5 Bb7 59. Bd3 f5 60. gxf5 gxf5 61. exf5 Bc6 62. a5 Bb7 63. a6 c2 64. Kd2 Bxf3 65. Bxc2 Bc6 66. Ke3 e4 67. Bxe4 1-0

[Event "30th Cracovia Festival-A 2019"]
[Site "Krakow"]
[Date "2020.01.03"]
[Round "8.24"]
[White "Ilandzis, Spyridon"]
[Black "Piotrowski, Przemyslaw"]
[Result "0-1"]
[ECO "B90"]
[WhiteElo "2120"]
[BlackElo "2277"]
[Annotator "NA"]
[PlyCount "78"]
[EventDate "2019.12.27"]
[EventCountry "POL"]
[SourceTitle "playchess.com"]
[Source "ChessBase"]
[SourceQuality "1"]
[TimeControl "40/5400+30:1800+30"]

1. e4 c5 2. Nf3 d6 3. d4 cxd4 4. Nxd4 Nf6 5. Nc3 a6 6. Be3 e5 7. Nb3 Be7 8. f3 Be6 9. Qd2 Nbd7 10. O-O-O b5 11. g4 Nb6 12. Na5 Qc7 13. g5 Nfd7 14. Nd5 Bxd5 15. exd5 Rc8 16. Nc6 Nxd5 17. Nxe7 Kxe7 18. Bf2 Rhd8 19. h4 Nf8 20. Bh3 Ne6 21. h5 Qc4 22. Bf5 Ndf4 23. Kb1 g6 24. hxg6 hxg6 25. Bg4 Qe2 26. Be3 Qxd2 27. Rxd2 Rc6 28. Re1 Kf8 29. Rh2 Kg7 30. Reh1 Nxg5 31. Rg1 d5 32. c3 f6 33. Rd2 Rc4 34. Rgd1 f5 35. b3 Rxc3 36. Bxf4 exf4 37. Rxd5 Rxd5 38. Rxd5 fxg4 39. Rxg5 g3 0-1